Map: Dusk Towers

Players

Miszu - Winner!

  • Race: Protoss Protoss
  • League: Master

TheWay

  • Race: Zerg Zerg
  • League: Master

VOD

Have the link to the VOD?

Description

Time

  • Played on: July 1, 2016, 7:34 p.m.
  • Length: 20:37
Show
View Real Time Build Order
Export as new Build Order

Miszu Protoss - Winner!

Build Orders: 1 Gate Expand 

Get SALT Encoding   

  12  0:01  Probe (Chrono Boost)  
  13  0:11  Probe (Chrono Boost)  
  14  0:17  Pylon  
  14  0:22  Probe (Chrono Boost)  
  15  0:36  Gateway, Probe (Chrono Boost)  
  15  0:42  Assimilator  
  16  0:46  Probe (Chrono Boost)  
  18  0:57  Probe (Chrono Boost)  
  18  1:07  Probe (Chrono Boost)  
  19  1:18  Nexus  
  19  1:30  Cybernetics Core  
  19  1:31  Probe (Chrono Boost)  
  20  1:37  Assimilator  
  20  1:42  Probe (Chrono Boost)  
  21  1:48  Pylon  
  21  1:52  Probe (Chrono Boost)  
  22  2:03  Probe (Chrono Boost)  
  22  2:08  Adept (Chrono Boost), Warp Gate  
  25  2:18  Mothership Core  
  27  2:28  Probe  
  28  2:32  Adept (Chrono Boost)  
  30  2:39  Probe x2  
  32  2:50  Gateway, Probe  
  32  2:51  Probe  
  32  2:52  Gateway  
  36  2:58  Adept (Chrono Boost)  
  36  3:00  Probe  
  37  3:11  Probe  
  38  3:18  Probe  
  38  3:23  Probe  
  38  3:25  Stargate  
  38  3:26  Stargate  
  40  3:29  Probe  
  40  3:31  Pylon  
  41  3:35  Probe  
  41  3:39  Probe  
  43  3:47  Probe  
  42  3:50  Probe  
  43  3:59  Probe, Assimilator  
  43  4:00  Assimilator  
  43  4:01  Probe  
  43  4:07  Pylon  
  43  4:10  Phoenix x2 (Chrono Boost)  
  43  4:11  Probe  
  43  4:13  Adept  
  43  4:14  Adept  
  43  4:15  Adept  
  54  4:25  Probe  
  54  4:26  Pylon  
  55  4:41  Phoenix (Chrono Boost)  
  55  4:42  Phoenix (Chrono Boost)  
  59  4:52  Nexus  
  59  4:56  Pylon, Probe  
  59  4:57  Probe  
  61  5:08  Probe, Phoenix x2 (Chrono Boost)  
  61  5:10  Probe  
  67  5:20  Probe  
  68  5:21  Pylon  
  68  5:23  Probe  
  69  5:32  Probe  
  71  5:35  Probe  
  71  5:44  Adept x3  
  71  5:47  Probe x2  
  79  5:54  Forge  
  79  5:59  Probe x2  
  79  6:01  Phoenix x2 (Chrono Boost)  
  85  6:32  Photon Cannon  
  85  6:35  Pylon  
  85  6:37  Phoenix (Chrono Boost)  
  80  6:40  Pylon  
  80  6:41  Phoenix (Chrono Boost)  
  80  6:46  Adept x2  
  73  7:00  Forge  
  74  7:01  Robotics Facility, Adept  
  78  7:12  Sentry  
  78  7:13  Adept  
  78  7:37  Pylon  
  78  7:40  Pylon  
  78  7:41  Pylon  
  78  7:42  Pylon  
  76  7:45  Pylon  
  75  7:54  Protoss Ground Weapons Level 1  
  75  7:58  Twilight Council, Probe  
  77  8:00  Pylon  
  77  8:02  Adept x3  
  84  8:16  Warp Prism  
  84  8:17  Pylon  
  84  8:18  Pylon  
  82  8:27  Adept x3  
  82  8:28  Gateway  
  82  8:29  Gateway  
  88  8:34  Gateway  
  88  8:37  Templar Archives  
  88  8:52  Observer, Photon Cannon  
  88  8:55  Stalker x2, Zealot  
  95  9:11  Gateway  
  95  9:13  Pylon  
  95  9:21  Psionic Storm  
  95  9:25  Nexus  
  95  9:26  High Templar  
  95  9:27  High Templar x2  
  101  9:32  Gateway  
  101  9:34  Gateway  
  101  9:36  High Templar  
  103  9:52  Protoss Ground Weapons Level 2 (Chrono Boost)  
  103  9:53  High Templar  
  103  9:56  Probe x2  
  107  10:03  Immortal  
  111  10:08  Robotics Facility, Probe x2  
  111  10:12  High Templar x3  
  119  10:16  Stalker  
  119  10:17  Archon x2  
  119  10:19  Assimilator  
  119  10:20  Probe  
  122  10:24  Assimilator  
  122  10:28  Probe  
  122  10:30  Pylon  
  122  10:31  Pylon  
  113  10:42  Immortal  
  109  10:58  High Templar x2  
  109  10:59  Zealot x5  
  109  11:02  Archon  
  123  11:07  Archon  
  123  11:08  Archon  
  81  11:26  Zealot  
  81  11:29  Stalker x3  
  81  11:31  Zealot x3  
  75  11:42  Probe  
  75  11:43  Probe x2  
  66  11:50  High Templar  
  66  11:51  High Templar x3  
  66  11:52  High Templar, Probe  
  66  11:53  Zealot x2  
  81  11:55  Probe x2  
  83  12:03  Probe  
  83  12:07  Probe x2  
  86  12:16  High Templar  
  86  12:17  High Templar  
  86  12:21  Archon  
  90  12:24  Nexus  
  90  12:25  Pylon  
  90  12:26  High Templar  
  90  12:29  High Templar  
  94  12:30  Zealot  
  94  12:44  Archon  
  88  12:50  High Templar x2  
  86  12:51  Zealot x2  
  86  12:52  Zealot  
  86  12:58  Nexus  
  92  12:59  Zealot  
  92  13:00  Pylon  
  92  13:11  High Templar  
  92  13:12  High Templar, Zealot x2  
  98  13:16  Nexus  
  98  13:17  Archon  
  100  13:21  Pylon  
  100  13:23  High Templar  
  100  13:24  Zealot x3  
  108  13:27  Blink (Chrono Boost)  
  108  13:33  Stalker  
  108  13:34  Stalker  
  112  13:38  Probe  
  112  13:39  Probe  
  112  13:40  Probe  
  116  13:48  Observer  
  116  13:51  Immortal  
  116  13:54  Probe  
  116  13:55  Probe x2  
  123  14:04  Protoss Ground Weapons Level 3 (Chrono Boost)  
  123  14:05  Probe  
  123  14:09  Assimilator  
  125  14:10  Observer  
  125  14:15  Assimilator  
  125  14:24  Probe  
  126  14:28  Photon Cannon  
  130  14:31  Immortal  
  130  14:45  Stalker x4  
  138  15:03  Immortal  
  142  15:10  Immortal  
  142  15:11  Stalker x3  
  152  15:15  Pylon  
  152  15:26  Zealot  
  152  15:27  Charge (Chrono Boost)  
  154  15:33  Zealot  
  153  15:56  High Templar  
  155  15:57  High Templar  
  155  16:01  Nexus  
  157  16:20  Pylon  
  157  16:24  Fleet Beacon  
  157  16:25  Stargate, Archon  
  157  16:27  Photon Cannon  
  157  16:29  Photon Cannon x2  
  157  16:30  High Templar  
  157  16:31  High Templar, Pylon x2  
  161  16:39  Photon Cannon x2  
  161  16:41  High Templar x2  
  161  16:42  Photon Cannon  
  165  16:51  Archon  
  165  16:52  Assimilator  
  165  16:57  High Templar  
  167  17:04  Assimilator  
  167  17:11  Dark Shrine  
  167  17:15  Warp Prism  
  169  17:16  Warp Prism  
  171  17:32  Tempest (Chrono Boost)  
  171  17:33  Nexus, Pylon  
  173  17:49  Tempest (Chrono Boost)  
  173  17:57  Tempest (Chrono Boost)  
  181  18:06  Protoss Air Weapons Level 1 (Chrono Boost)  
  181  18:11  Tempest  
  185  18:22  Mothership Core  
  185  18:25  Archon  
  187  18:29  Photon Cannon  
  187  18:30  Photon Cannon  
  187  18:31  Photon Cannon  
  187  18:32  Photon Cannon  
  187  18:34  Photon Cannon x2  
  187  18:37  Tempest, Photon Cannon  
  187  18:38  Photon Cannon  
  187  18:42  Pylon  
  187  18:44  Pylon  
  187  18:45  Observer  
  187  18:46  Observer, Assimilator x2  
  192  19:04  Zealot x4  
  186  19:19  Tempest x2  
  178  19:25  Tempest  
  190  19:32  Zealot x3  
  190  19:33  Zealot x2  
  198  19:40  Zealot  
  196  19:56  Zealot x3  
Show
View Real Time Build Order
Export as new Build Order

TheWay Zerg 

Build Orders: Hatch First, Lurkers 

Get SALT Encoding   

  12  0:01  Drone  
  13  0:12  Overlord  
  13  0:17  Drone  
  14  0:30  Drone  
  14  0:31  Drone  
  14  0:34  Drone  
  17  0:55  Drone  
  17  0:56  Hatchery  
  17  0:59  Drone  
  17  1:01  Extractor  
  17  1:14  Spawning Pool  
  17  1:17  Drone  
  17  1:21  Drone  
  18  1:32  Drone  
  19  1:38  Overlord  
  19  2:02  Queen  
  19  2:07  Zergling x2  
  19  2:08  Queen  
  24  2:11  Drone x2  
  24  2:12  Metabolic Boost, Zergling x2  
  27  2:33  Drone x3  
  27  2:34  Drone  
  31  2:43  Drone x2  
  33  2:51  Overlord  
  33  2:58  Hatchery  
  32  2:59  Drone  
  33  3:09  Zergling x4  
  35  3:13  Drone x2  
  35  3:14  Drone x2  
  35  3:17  Overlord  
  39  3:20  Evolution Chamber  
  39  3:23  Drone  
  39  3:24  Drone  
  39  3:25  Drone  
  41  3:29  Drone  
  42  3:34  Drone  
  41  3:48  Spore Crawler  
  38  3:56  Drone x5  
  38  3:57  Drone x3  
  38  4:00  Zerg Melee Weapons Level 1  
  38  4:02  Extractor  
  48  4:03  Burrow  
  48  4:07  Spore Crawler  
  48  4:09  Drone x2  
  47  4:14  Overlord  
  47  4:20  Queen  
  47  4:22  Queen  
  51  4:25  Zergling x8  
  51  4:30  Zergling x4  
  51  4:31  Zergling x2  
  58  4:34  Overlord  
  57  4:44  Zergling x6  
  57  4:45  Zergling x6  
  62  4:48  Zergling x2  
  63  4:59  Spore Crawler  
  62  5:01  Drone  
  62  5:03  Zergling x6  
  62  5:06  Overlord  
  62  5:07  Overlord  
  66  5:14  Spore Crawler  
  66  5:17  Overlord  
  65  5:24  Baneling Nest  
  64  5:33  Zergling x28  
  72  5:45  Queen  
  72  5:47  Lair  
  72  5:50  Extractor, Drone  
  72  5:55  Drone x2  
  72  5:56  Drone  
  75  5:58  Drone x2  
  75  5:59  Drone  
  75  6:00  Drone x5  
  75  6:02  Drone  
  75  6:03  Drone  
  85  6:07  Baneling  
  85  6:08  Baneling x5  
  85  6:10  Baneling x2  
  83  6:12  Baneling x2  
  83  6:13  Baneling x2  
  83  6:15  Baneling x3  
  83  6:16  Baneling  
  83  6:18  Baneling x3  
  76  6:25  Drone x3  
  78  6:28  Drone  
  78  6:29  Drone x4  
  74  6:46  Zergling x4  
  74  6:47  Zergling x12  
  68  6:54  Hydralisk Den  
  65  7:02  Drone x5  
  65  7:03  Drone x2  
  65  7:05  Extractor  
  65  7:07  Extractor  
  70  7:08  Extractor  
  70  7:09  Drone x3  
  72  7:24  Muscular Augments  
  72  7:25  Queen  
  68  7:34  Hydralisk x4  
  68  7:35  Hydralisk x3  
  82  7:40  Drone x3  
  82  7:41  Drone x3  
  83  7:56  Hydralisk x4  
  89  7:59  Zerg Missile Weapons Level 1  
  89  8:06  Overlord  
  89  8:08  Overlord  
  89  8:09  Overlord  
  89  8:10  Overlord  
  89  8:23  Queen  
  89  8:25  Hydralisk  
  89  8:26  Hydralisk x6  
  105  8:31  Centrifical Hooks  
  105  8:36  Hydralisk x3  
  105  8:39  Hydralisk  
  113  8:47  Hydralisk x3  
  119  8:49  Zergling x2  
  119  8:50  Zergling x2  
  121  9:02  Overlord x2  
  121  9:14  Zergling x2  
  121  9:27  Hydralisk x5  
  121  9:28  Hydralisk x3  
  121  9:30  Overlord x3  
  137  9:34  Zergling x2  
  137  9:38  Baneling x15  
  138  9:39  Baneling  
  138  9:52  Zergling x16  
  146  9:53  Zergling x2  
  147  10:07  Hydralisk x3  
  147  10:08  Hydralisk x2  
  157  10:16  Zergling x8  
  157  10:17  Zergling x2  
  162  10:46  Hydralisk  
  147  11:01  Hydralisk x7  
  119  11:28  Hydralisk, Zergling x2  
  119  11:29  Hydralisk x5  
  119  11:30  Zergling x14  
  105  11:53  Lurker Den  
  99  12:04  Baneling x14  
  99  12:05  Baneling x6  
  99  12:06  Zergling x18  
  108  12:12  Hatchery  
  107  12:17  Hydralisk x3  
  113  12:27  Hydralisk  
  113  12:28  Hydralisk x3  
  76  12:56  Hydralisk  
  76  12:57  Infestation Pit, Hydralisk x10  
  96  13:08  Drone x6  
  96  13:09  Drone x2  
  104  13:22  Lurker  
  104  13:23  Lurker x5  
  110  13:28  Drone x3  
  110  13:32  Drone x2  
  110  13:33  Drone x3  
  118  13:35  Lurker x2  
  120  13:45  Queen  
  122  13:53  Extractor x2  
  122  13:54  Hive  
  120  14:01  Hydralisk x5  
  130  14:04  Drone x3  
  133  14:13  Lurker x2  
  135  14:19  Zergling x2  
  135  14:20  Zergling x22  
  147  14:33  Lurker  
  147  14:34  Lurker x2  
  147  14:37  Lurker  
  151  14:43  Zergling x10  
  151  14:44  Zergling x6  
  159  14:46  Hatchery  
  158  15:12  Baneling  
  158  15:13  Baneling x11  
  147  15:38  Hydralisk x4  
  144  15:43  Spire  
  144  15:49  Adrenal Glands  
  142  15:52  Lurker  
  142  15:53  Lurker x5  
  142  15:56  Hydralisk  
  142  15:57  Hydralisk x2  
  150  15:59  Overlord x2  
  136  16:10  Hydralisk  
  136  16:11  Hydralisk x10  
  136  16:15  Extractor  
  136  16:16  Extractor  
  136  16:17  Drone x7  
  136  16:18  Drone x3  
  154  17:00  Greater Spire  
  154  17:01  Overlord x2  
  154  17:04  Corruptor x8  
  170  17:22  Zerg Melee Weapons Level 2  
  170  18:12  Brood Lord x8  
  186  18:17  Zergling x22  
  186  18:18  Zergling x6  
  200  18:27  Overseer  
  200  18:28  Overseer x2  
  200  18:53  Baneling x10  
  200  18:54  Baneling x16  
  162  19:26  Corruptor  
  162  19:27  Corruptor x7  
  178  19:33  Drone x3  
  178  19:34  Drone x2  
  178  19:35  Drone  
  184  19:45  Corruptor x2  
Tags
 
Add a new tag
Caveats
  • Supply blocks, unpowered buildings, or Contaminate may cause inaccurate times.
  • Supply counts are checked every 10 seconds.